AoeStats
← josiahkane

Glade

510958914Analyzed
1v1 RM · 11h ago on Oct 3, 2026· 51m 44s· 2 players
Game mode
Random Map
Map size
Tiny (2 player)
Population
200
Speed
Normal
Resources
Standard
Victory
Conquest
Starting age
Dark Age
Ending age
Imperial Age
RankedLock teamsTeams togetherTeam positionsShared explorationLock speedFull tech treeHidden civsTurbo modeCheats
Victory
Defeat
🇦🇷 Persians · Argentina
841
+18
🇬🇧 Burgundians · United Kingdom
876
-18
Ana
8:52 Loom
10:37 Feudal Age
12:28 Double-Bit Axe
15:32 Castle Age
13:34 Horse Collar
14:03 Gold Mining
15:02 Stone Mining
17:06 Bow Saw
18:17 Stone Shaft Mining
23:55 Gold Shaft Mining
23:34 Heavy Plow
25:05 Scale Barding Armor
25:11 Forging
25:33 Bloodlines
27:23 Husbandry
28:00 Iron Casting
27:45 Chain Barding Armor
34:26 Imperial Age
34:07 Cavalier
35:25 Plate Barding Armor
39:36 Two-Man Saw
38:53 Savar
40:54 Blast Furnace
43:04 Wheelbarrow
42:18 Town Watch
48:13 Hand Cart
josiahkane
4:53 Loom
6:53 Double-Bit Axe
10:38 Feudal Age
9:03 Horse Collar
11:34 Heavy Plow
12:07 Loom
18:03 Castle Age
18:02 Forging
20:15 Wheelbarrow
20:33 Scale Barding Armor
21:13 Cavalier
24:36 Iron Casting
24:44 Husbandry
29:33 Imperial Age
28:17 Pikeman
30:19 Bow Saw
32:23 Paladin
36:53 Ballistics
36:31 Murder Holes
37:50 Block Printing
37:54 Fervor
38:35 Squires
39:38 Blast Furnace
38:59 Chain Barding Armor
39:21 Illumination
39:52 Masonry
40:43 Chemistry
39:36 Fletching
40:33 Hand Cart
Connection lost

Rejoining the realm…

Still unreachable

The connection could not be restored.

Session expired

The server has moved on; the page needs a fresh start.